 Dungeon Crawl Stone Soup version 0.29-a0-234-g0dae59b3db (webtiles) character file.

Game seed: 2859318330166491465

174 sammy202020 the Skirmisher (level 5, -6/63 HPs)
             Began as a Demonspawn Berserker on Mar 2, 2022.
             Was a Believer of Trog.
             Killed by divine providence
             ... invoked by an orc priest
              (11 damage)
             ... on level 3 of the Dungeon.
             The game lasted 00:03:13 (3036 turns).

sammy202020 the Skirmisher (Demonspawn Berserker)   Turns: 3036, Time: 00:03:13

Health: -6/63      AC: 12    Str: 19    XL:     5   Next: 28%
Magic:  5/5        EV: 10    Int:  9    God:    Trog [**....]
Gold:   126        SH:  0    Dex: 12    Spells: 4/4 levels left

rFire   . . .      SeeInvis .   a - +1 mace
rCold   . . .      Faith    .   (no shield)
rNeg    . . .      Spirit   .   f - +0 scale mail
rPois   .          Reflect  .   (no helmet)
rElec   .          Harm     .   (no cloak)
rCorr   .          Rampage  .   (no gloves)
Will    ++...                   (no boots)
Stlth   ..........              (no amulet)
HPRegen 1.20/turn               (no ring)
MPRegen 0.09/turn               (no ring)

@: berserking, strong-willed, sanguine armoured, regenerating, very quick
A: powered by pain 1, sanguine armour 1
a: Renounce Religion, Berserk, Trog's Hand


You were on level 3 of the Dungeon.
You worshipped Trog.
Trog was pleased with you.
You visited 1 branch of the dungeon, and saw 3 of its levels.

You collected 126 gold pieces.

Inventory:

Hand Weapons
 a - a +1 mace (weapon)
Missiles
 d - 6 atropa-tipped darts (quivered)
Armour
 f - a +0 scale mail (worn)
Wands
 h - a wand of paralysis (2)
Potions
 b - a potion of attraction
 c - a potion of might
 e - a potion of degeneration {unknown}
 g - a potion of flight {unknown}


   Skills:
 + Level 4.0 Fighting
 + Level 3.5 Maces & Flails
 + Level 2.9 Armour
 + Level 2.9 Dodging


You had 4 spell levels left.
You didn't know any spells.
Your spell library was empty.

Dungeon Overview and Level Annotations

Branches:
Dungeon (3/15)

Altars:

Shops:
D:3 *


Innate Abilities, Weirdness & Mutations

You sometimes gain a little power by taking damage.
When seriously injured, your blood forms armour. (AC +6)


Message History

Your blood congeals into armour.
The orc priest invokes the aid of Beogh against you.
Beogh smites you!
* * * LOW HITPOINT WARNING * * *
An orc comes into view. It is wielding a +0 war axe.
The orc warrior completely misses you.
Your skin crawls.
You feel strong-willed. The orc warrior barely misses you.
A red film seems to cover your vision as you go berserk!
You feel yourself moving faster!
You feel mighty! The orc warrior barely misses you.
You closely miss the orc warrior. You barely miss the orc warrior.
An endoplasm comes into view.
The orc warrior hits you with a +0 mace.
* * * LOW HITPOINT WARNING * * *
You hit the orc warrior.
The orc warrior is moderately wounded.
The orc warrior hits you with a +0 mace!
* * * LOW HITPOINT WARNING * * *
You thump the orc warrior!
The orc warrior is heavily wounded.
The orc warrior hits you but does no damage.
You thump the orc warrior!
The orc warrior is almost dead.
The orc warrior completely misses you.
Unknown command.
You hit the orc warrior.
You kill the orc warrior!
Trog accepts your kill.
Your Fighting skill increases to level 4!
You have reached level 5!
Your demonic ancestry asserts itself...
You feel energised by your suffering.
You thump the orc priest!
The orc priest is almost dead.
The orc priest calls down the wrath of Beogh upon you.
Beogh smites you!
You die...

##......#######
................# #
............###.##.#
..##......#.## .. .
####+#.#..##.##.#
#...........
####.##..... #.#
.... #@# ... #o# .


#or ##o# J. #.. .. ... You could see an orc priest, 2 orcs, an endoplasm and a
rat.

Vanquished Creatures
  An orc warrior (D:3)
  3 adders
  A worm (D:2)
  2 dart slugs (D:1)
  8 endoplasms
  A giant cockroach (D:2)
  4 goblins
  8 hobgoblins
  2 kobolds (D:1)
  3 quokkas
  4 ball pythons
  3 bats
  2 frilled lizards
  5 rats
47 creatures vanquished.

Notes
Turn   | Place    | Note
-------+----------+-------------------------------------------
     0 | D:1      | sammy202020 the Demonspawn Berserker began the quest for
                  | the Orb.
     0 | D:1      | Reached XP level 1. HP: 18/18 MP: 1/1
   276 | D:1      | Gained mutation: When seriously injured, your blood forms
                  | armour. (AC +6) [demonic ancestry]
   276 | D:1      | Reached XP level 2. HP: 22/24 MP: 2/2
  1169 | D:1      | Reached XP level 3. HP: 24/29 MP: 3/3
  1408 | D:2      | Found a faded altar of an unknown god.
  1678 | D:2      | Reached ** piety under Trog
  2776 | D:3      | Found Gozag's Platinum Reserve.
  2783 | D:3      | Reached XP level 4. HP: 35/36 MP: 4/4
  3020 | D:3      | Noticed an orc warrior
  3032 | D:3      | HP: 1/54 [orc warrior/+0 mace (14)]
  3035 | D:3      | Killed an orc warrior
  3036 | D:3      | Reached skill level 4 in Fighting
  3036 | D:3      | Gained mutation: You sometimes gain a little power by
                  | taking damage. [demonic ancestry]
  3036 | D:3      | Reached XP level 5. HP: 5/42 MP: 5/5
  3036 | D:3      | Killed from afar by an orc priest

Illustrated notes

Levels and vault maps discovered:
D:1:      wander_arrival_fairy_ring, layout_basic
D:2:      layout_loops_corners, shapermc_ecumenical_altar_venn
D:3:      layout_basic, nicolae_gozag_zags_fifth_avenue

Skill      XL: |  1  2  3  4 |
---------------+-------------+-----
Armour         | 2 |  2.9
Dodging        | 2 |  2.9
Maces & Flails | 3 |  3.5
Fighting       | 4 |  4.0

Action                   |  1- 3 |  4- 6 || total
-------------------------+-------+-------++-------
Melee: Mace              |   143 |    24 ||   167
       Punch             |       |     1 ||     1
Invok: Berserk           |       |     1 ||     1
       Trog's Hand       |       |     1 ||     1
  Use: Scroll            |     7 |       ||     7
Armor: Animal skin       |     6 |       ||     6
       Scale mail        |    64 |     6 ||    70
Dodge: Dodged            |    84 |    10 ||    94

Table legend: (Time is in decaauts)
 A = Elapsed time spent in this place.
 B = Non-inter-level travel time spent in this place.
 C = Inter-level travel time spent in this place.
 D = Time resting spent in this place.
 E = Time spent auto-exploring this place.
 F = Levels seen in this place.
 G = Mean time per level.
                   A        B        C        D        E       F      G
               +--------+--------+--------+--------+--------+-----+--------+
         Total |   3074 |   2978 |     96 |      0 |   2519 |   3 | 1024.7 |
       Dungeon |   3074 |   2978 |     96 |      0 |   2519 |   3 | 1024.7 |
               +--------+--------+--------+--------+--------+-----+--------+

Top non-repeatable levels by time:
     D:2: 1419 daAuts
     D:1: 1389 daAuts
     D:3: 265 daAuts
